AoeStats
← HR nomadplayer

Arabia

503514225Analyzed
1v1 RM · 1mo ago on Sep 1, 2026· 21m 36s· 2 players
Game mode
Random Map
Map size
Tiny (2 player)
Population
200
Speed
Normal
Resources
Standard
Victory
Conquest
Starting age
Dark Age
Ending age
Imperial Age
RankedLock teamsTeams togetherTeam positionsShared explorationLock speedFull tech treeHidden civsTurbo modeCheats
Victory
Defeat
🇺🇸 Celts · United States
2233
+10
🇨🇱 Wu · Chile
2095
-10
HR nomadplayer
5:01 Loom
9:02 Feudal Age
9:32 Double-Bit Axe
10:42 Town Watch
18:14 Fletching
FYI Inc
6:31 Loom
8:49 Feudal Age
9:41 Double-Bit Axe
16:42 Fletching
18:52 Wheelbarrow
19:11 Padded Archer Armor
Connection lost

Rejoining the realm…

Still unreachable

The connection could not be restored.

Session expired

The server has moved on; the page needs a fresh start.